 Dungeon Crawl Stone Soup version 0.28.0-43-g3370ac3207 (webtiles) character file.

Game seed: 15329617200420297734

38 GreyFruit the Chopper (level 3, -1/33 HPs)
             Began as a Hill Orc Monk on Mar 15, 2022.
             Slain by a gnoll
             ... wielding a +0 spear
              (5 damage)
             ... on level 2 of the Dungeon.
             The game lasted 00:02:25 (1633 turns).

GreyFruit the Chopper (Hill Orc Monk)               Turns: 1633, Time: 00:02:25

Health: -1/33      AC:  2    Str: 15    XL:     3   Next: 43%
Magic:  3/3        EV: 12    Int: 10    God:
Gold:   50         SH:  0    Dex: 13    Spells: 2/2 levels left

rFire   . . .      SeeInvis .   a - +0 hand axe
rCold   . . .      Faith    .   (no shield)
rNeg    . . .      Spirit   .   b - +0 robe
rPois   .          Reflect  .   (no helmet)
rElec   .          Harm     .   (no cloak)
rCorr   .          Rampage  .   (no gloves)
Will    .....                   (no boots)
Stlth   ++........              (no amulet)
HPRegen 0.11/turn               (no ring)
MPRegen 0.08/turn               (no ring)

@: no status effects
A: no striking features
a: no special abilities


You were on level 2 of the Dungeon.
You visited 1 branch of the dungeon, and saw 2 of its levels.

You collected 50 gold pieces.

Inventory:

Hand Weapons
 a - a +0 hand axe (weapon)
Armour
 b - a +0 robe (worn)
Jewellery
 g - a ring of magical power
 k - a ring of poison resistance
Scrolls
 d - a scroll of identify {unknown}
 e - a scroll of enchant weapon {unknown}
 f - a scroll of enchant armour {unknown}
 i - a scroll of teleportation {unknown}
 m - a scroll of summoning {unknown}
Potions
 c - a potion of invisibility {unknown}
 h - a potion of cancellation {unknown}
 j - a potion of attraction {unknown}
 l - a potion of curing {unknown}
 n - a potion of brilliance {unknown}
 o - a potion of berserk rage {unknown}


   Skills:
 + Level 4.1 Fighting
 + Level 4.5 Axes
 + Level 1.2 Armour
 + Level 2.7 Dodging
 - Level 1.5 Stealth


You had 2 spell levels left.
You didn't know any spells.
Your spell library was empty.

Dungeon Overview and Level Annotations

Branches:
Dungeon (2/15)

Altars:
Xom


Message History

The rat misses you.
You hit the rat.
The rat is severely wounded.
You closely miss the frilled lizard.
The gnoll hits you from afar with a +0 spear.
The frilled lizard barely misses you. The rat barely misses you.
The gnoll hits you from afar with a +0 spear.
The frilled lizard misses you.
The frilled lizard hisses.
Things that are here:
a +0 dagger; 5 stones You closely miss the rat.
The rat is severely wounded.
The rat bites you but does no damage.
You hit the rat.
You kill the rat!
You hit the frilled lizard.
You kill the frilled lizard!
You see here a frilled lizard corpse.
You hit the gnoll.
The gnoll is lightly wounded.
The gnoll barely misses you. The gnoll hits you with a +0 spear.
You are too injured to fight recklessly!
You are too injured to fight recklessly!
You are too injured to fight recklessly!
You are too injured to fight recklessly!
You hit the gnoll.
The gnoll is lightly wounded.
The gnoll hits you with a +0 spear.
You barely miss the gnoll.
The gnoll is lightly wounded.
The gnoll misses you.
You hit the gnoll but do no damage.
The gnoll is lightly wounded.
The gnoll hits you with a +0 spear.
* * * LOW HITPOINT WARNING * * *
You hit the gnoll.
The gnoll is heavily wounded.
The gnoll hits you with a +0 spear.
You die...

#...#.# #..#..# ##....# ##.#..#
#.#######.....##### #####
#......##.....#...##### #....
###..#.....#.......#####....
#....#####.#.#####.....#.._.
######.##.## #g@.# #####......
#...<..#...# ##### ##.....
..######...# ###... #######...#
#### ##....>....# #####.
...#####...# ###.....
..^..###...###############...####
####.<.........†...........###
#########################


You could see a gnoll.

Vanquished Creatures
  An adder (D:2)
  A worm (D:2)
  2 dart slugs
  4 endoplasms (D:1)
  A hobgoblin (D:1)
  2 quokkas (D:1)
  A ball python (D:2)
  4 frilled lizards
  3 goblins (D:1)
  3 kobolds
  2 rats (D:2)
24 creatures vanquished.

Vanquished Creatures (others)
  2 fungi (D:2)
  4 plants (D:2)
6 creatures vanquished.

Grand Total: 30 creatures vanquished

Notes
Turn   | Place    | Note
-------+----------+-------------------------------------------
     0 | D:1      | GreyFruit the Hill Orc Monk began the quest for the Orb.
     0 | D:1      | Reached XP level 1. HP: 19/19 MP: 1/1
   618 | D:1      | Reached XP level 2. HP: 22/27 MP: 2/2
  1135 | D:2      | Reached skill level 1 in Armour
  1135 | D:2      | Reached XP level 3. HP: 30/33 MP: 3/3
  1181 | D:2      | Found a shimmering altar of Xom.
  1633 | D:2      | Slain by a gnoll

Illustrated notes

Levels and vault maps discovered:
D:1:      onia_arrival_pyramid, layout_loops_cross
D:2:      layout_rooms, basic_altar, shapermc_ecumenical_altar_mp_ritualfount,
          minmay_misc_feat_rugged, minmay_distorted

Skill      XL: |  1  2 |
---------------+-------+-----
Fighting       | 4 |  4.1
Armour         | 1 |  1.2
Axes           | |  4.5
Dodging        | |  2.7
Stealth        | |  1.5

Action                   || total
-------------------------++-------
Melee: Hand axe          ||    81
 Stab: Sleeping          ||     4
Armor: Robe              ||     9
Dodge: Dodged            ||    44
